AoeStats
← LA AMIGA FEA

Black Forest

509931274Analyzed
3v3 RM · 4d ago on Sep 28, 2026· 54m 33s· 6 players
Game mode
Random Map
Map size
Normal (6 player)
Population
200
Speed
Normal
Resources
Standard
Victory
Conquest
Starting age
Dark Age
Ending age
Imperial Age
RankedLock teamsTeams togetherTeam positionsShared explorationLock speedFull tech treeHidden civsTurbo modeCheats
Victory
Defeat
🇬🇷 Persians · Greece
893
+16
🇬🇷 Vietnamese · Greece
882
+17
🇬🇷 Khmer · Greece
845
+18
🇪🇸 Persians · Spain
1046
-24
🇪🇸 Khmer · Spain
847
-15
🇪🇸 Bulgarians · Spain
785
-16
andreas7487
0:38 Loom
13:05 Feudal Age
15:19 Horse Collar
15:27 Double-Bit Axe
20:50 Castle Age
20:32 Gold Mining
20:35 Stone Mining
22:40 Heavy Plow
23:15 Bow Saw
28:44 Imperial Age
27:24 Wheelbarrow
31:02 Crop Rotation
31:51 Chemistry
30:36 Elite Skirmisher
32:10 Heavy Scorpion
32:15 Imperial Skirmisher
34:19 Double Crossbow
35:54 Ballistics
36:26 Gold Shaft Mining
36:58 Siege Engineers
39:06 Hand Cart
45:38 Elite Ballista Elephant
49:32 Tusk Swords
diomidismav
0:26 Loom
11:57 Feudal Age
12:22 Double-Bit Axe
13:17 Wheelbarrow
14:28 Stone Mining
14:59 Horse Collar
22:16 Castle Age
20:34 Gold Mining
23:00 Bow Saw
23:29 Hand Cart
23:18 Heavy Plow
24:01 Gold Shaft Mining
29:15 Imperial Age
30:33 Two-Man Saw
30:43 Chemistry
31:26 Stone Shaft Mining
31:16 Ballistics
33:13 Scale Barding Armor
34:45 Coinage
35:16 Crop Rotation
35:25 Chain Barding Armor
35:23 Guard Tower
35:51 Guilds
36:12 Banking
38:01 Caravan
39:09 Plate Barding Armor
38:04 Elite War Elephant
38:13 Pikeman
38:55 Squires
38:43 Arson
40:16 Scale Mail Armor
40:27 Forging
40:56 Citadels
40:33 Halberdier
41:33 Chain Mail Armor
43:31 Plate Mail Armor
43:36 Iron Casting
49:05 Blast Furnace
makispapadopoulos7
0:31 Loom
13:48 Feudal Age
15:42 Double-Bit Axe
18:30 Castle Age
16:28 Horse Collar
16:42 Gold Mining
17:33 Stone Mining
18:53 Wheelbarrow
18:34 Town Watch
19:34 Arson
25:25 Fletching
27:06 Bow Saw
27:01 Heavy Plow
29:05 Hand Cart
29:17 Bodkin Arrow
29:22 Padded Archer Armor
31:15 Husbandry
32:31 Bloodlines
31:42 Light Cavalry
32:42 Murder Holes
32:28 Treadmill Crane
36:38 Imperial Age
34:32 Chatras
35:16 Ballistics
34:50 Elite Skirmisher
36:45 Stone Shaft Mining
37:03 Forging
36:54 Scale Mail Armor
37:00 Scale Barding Armor
37:11 Fortified Wall
37:55 Caravan
39:08 Chemistry
39:04 Paper Money
38:13 Imperial Skirmisher
39:47 Hoardings
39:31 Leather Archer Armor
41:44 Squires
41:04 Pikeman
42:19 Halberdier
43:44 Bracer
44:14 Ring Archer Armor
44:03 Masonry
43:43 Onager
46:15 Iron Casting
45:56 Chain Mail Armor
46:02 Chain Barding Armor
48:01 Two-Man Saw
46:46 Elite Battle Elephant
48:46 Sanctity
50:29 Plate Mail Armor
50:34 Plate Barding Armor
50:33 Crop Rotation
51:54 Bombard Tower
53:42 Siege Engineers
53:28 Guard Tower
53:29 Heated Shot
RaiserGL
6:03 Loom
13:56 Feudal Age
15:43 Horse Collar
15:54 Double-Bit Axe
20:39 Fishing Lines
21:32 Gold Mining
24:58 Castle Age
23:37 Wheelbarrow
22:48 Town Watch
26:02 Bow Saw
25:56 Heavy Plow
26:53 Gold Shaft Mining
26:51 Husbandry
27:03 Bloodlines
26:18 Pikeman
26:48 Gambesons
27:25 Forging
27:16 Scale Mail Armor
29:10 Iron Casting
29:44 Hand Cart
31:40 Chain Mail Armor
31:31 Scale Barding Armor
32:10 Stirrups
32:31 Stone Mining
34:40 Stone Shaft Mining
34:31 Chain Barding Armor
41:15 Imperial Age
38:55 Gillnets
47:56 Ballistics
49:26 Blast Furnace
49:02 Plate Barding Armor
47:54 Elite Konnik
53:04 Heavy Scorpion
53:05 Onager
53:06 Capped Ram
LA AMIGA FEA
6:11 Loom
13:57 Feudal Age
18:15 Castle Age
17:01 Double-Bit Axe
18:04 Fishing Lines
18:44 Gillnets
19:20 Bow Saw
22:03 Wheelbarrow
22:17 Gold Mining
25:51 Gold Shaft Mining
26:10 Hand Cart
27:40 Forging
32:07 Imperial Age
29:53 Scale Barding Armor
31:06 Chain Barding Armor
31:22 Iron Casting
32:59 Plate Barding Armor
32:47 Conscription
32:00 Elite War Elephant
34:10 Blast Furnace
34:17 Horse Collar
35:33 Town Watch
36:44 Citadels
37:37 Hoardings
37:16 Masonry
37:03 Fletching
37:47 Ballistics
38:59 Chemistry
38:31 Architecture
38:04 Husbandry
38:14 Bloodlines
39:11 Town Patrol
40:31 Light Cavalry
41:48 Murder Holes
41:51 Bodkin Arrow
42:52 Padded Archer Armor
42:15 Hussar
44:48 Scale Mail Armor
46:42 Squires
46:03 Pikeman
47:02 Chain Mail Armor
47:02 Halberdier
48:15 Plate Mail Armor
55:17 Two-Man Saw
xDakaaH
0:27 Loom
12:01 Feudal Age
16:17 Castle Age
14:22 Double-Bit Axe
14:20 Horse Collar
18:21 Heavy Plow
19:20 Bow Saw
22:51 Wheelbarrow
23:30 Gold Mining
23:33 Stone Mining
25:38 Hand Cart
27:44 Gold Shaft Mining
26:37 Crossbowman
27:47 Bloodlines
29:04 Fletching
29:16 Padded Archer Armor
31:18 Pikeman
35:25 Imperial Age
33:34 Ballistics
37:49 Imperial Age
35:30 Husbandry
37:05 Scale Mail Armor
37:02 Bodkin Arrow
37:23 Leather Archer Armor
39:49 Conscription
39:45 Elite Ballista Elephant
40:27 Double Crossbow
41:18 Halberdier
48:57 Bracer
49:28 Ring Archer Armor
49:13 Chain Mail Armor
49:30 Crop Rotation
52:39 Light Cavalry
Connection lost

Rejoining the realm…

Still unreachable

The connection could not be restored.

Session expired

The server has moved on; the page needs a fresh start.